cohdb
Replays
Latest Replays
All Replays
Popular Replays
Top Player Replays
Match Explorer
How It Works
Community
CoH3 Stats
Reddit
Sign in to upload your games and track your stats! →
Sign in with Steam
Match 45243091
Unlisted
Match 45243091
Overview
Messages
Build Orders
End
Panzergrenadier Squad
250 Light Carrier
Panzergrenadier Squad
Panzerpioneer Squad
Construct Light Support Kompanie
MG34 Team
2.5-tonne Medical Truck
Panzerjäger Mechanized Group
Selects Panzerjäger Kommand Battlegroup
Selects Tank Busters
Selects Mine Fields
Fire Support Elements
Pak 38 Anti-tank Gun Team
Veteran Squad Leaders
Panzerjäger Squad
Negan
will
千径万山
Quietus
Mattfield27
风铃
0
0
Comments
sign in to comment!
No comments posted yet!